 Dungeon Crawl Stone Soup version 0.31.0-12-g77e489cdc1 (webtiles) character file.

Game seed: 6744347710590950954

296 lordive the Slasher (level 6, 0/56 HPs)
             Began as a Minotaur Monk on Feb 28, 2024.
             Slain by a scorpion (3 damage)
             ... on level 4 of the Dungeon.
             The game lasted 00:03:35 (2001 turns).

lordive the Slasher (Minotaur Monk)                 Turns: 2001, Time: 00:03:36

Health: 0/56       AC: 12    Str: 16    XL:     6   Next: 12%
Magic:  5/5        EV:  5    Int:  9    God:
Gold:   127        SH:  0    Dex: 12    Spells: 5/5 levels left

rFire   . . .        a - +0 falchion
rCold   . . .        (no shield)
rNeg    . . .        o - +0 plate armour
rPois   .            (helmet restricted)
rElec   .            (no cloak)
rCorr   .            b - +0 pair of gloves
SInv    .            (no boots)
Will    .....        (no amulet) Stlth
                     (no ring)
HPRegen 0.29/turn    (no ring)
MPRegen 0.09/turn

%: no passive effects
@: confused, lethally poisoned (0 -> -11), ambrosia-drunk
A: horns 2, retaliatory headbutt
a: no special abilities


You were on level 4 of the Dungeon.
You visited 1 branch of the dungeon, and saw 5 of its levels.

You collected 127 gold pieces.

Inventory:

Hand Weapons
 a - a +0 falchion (weapon)
Armour
 b - a +0 pair of gloves (worn)
 o - a +0 plate armour (worn)
Jewellery
 i - an amulet of faith
 j - a ring of fire
 q - the ring "Heeru" {rElec rF+}
   (You took it off an orc wizard on level 4 of the Dungeon)

   [ring of protection from fire]

   rF+:       It protects you from fire.
   rElec:     It insulates you from electricity.
Scrolls
 d - a scroll of silence {unknown}
 f - 3 scrolls of identify {unknown}
 g - 2 scrolls of teleportation {unknown}
 h - 2 scrolls of brand weapon {unknown}
 m - a scroll of vulnerability {unknown}
 n - 2 scrolls of enchant armour {unknown}
 p - 3 scrolls of fear {unknown}
Potions
 e - a potion of might {unknown}
 k - a potion of enlightenment {unknown}
 l - a potion of brilliance {unknown}


   Skills:
 + Level 5.1 Fighting
 + Level 5.9 Long Blades
 + Level 2.1 Armour
 + Level 4.5 Dodging
 + Level 0.9 Stealth


You had 5 spell levels left.
You didn't know any spells.
Your spell library contained the following spells:

 Spells                   Type           Power      Damage    Failure   Level
 Foxfire                  Conj/Fire      0%         2x1d4     100%        1
 Slow                     Hex            0%         N/A       100%        1
 Summon Small Mammal      Summ           0%         N/A       100%        1
 Call Canine Familiar     Summ           0%         N/A       100%        3
 Confusing Touch          Hex            0%         N/A       100%        3
 Frozen Ramparts          Ice            0%         1d1       100%        3
 Sigil of Binding         Hex            0%         N/A       100%        3
 Vampiric Draining        Necr           0%         2d6       100%        3
 Leda's Liquefaction      Alch/Erth      0%         N/A       100%        4
 Olgreb's Toxic Radiance  Alch           0%         N/A       100%        4
 Petrify                  Alch/Erth      0%         N/A       100%        4
 Summon Blazeheart Golem  Fire/Summ      0%         N/A       100%        4
 Metabolic Englaciation   Hex/Ice        0%         N/A       100%        5
 Plasma Beam              Fire/Air       0%         2x1d10    100%        6
 Starburst                Conj/Fire      0%         6d3       100%        6
 Ozocubu's Refrigeration  Ice            0%         4d7       100%        7
 Discord                  Hex            0%         N/A       100%        8


Dungeon Overview and Level Annotations

Branches:
Dungeon (5/15)
 Temple: D:4-7

Altars:
Trog


Innate Abilities, Weirdness & Mutations

You have a pair of horns on your head.
You reflexively headbutt those who attack you in melee.


Message History

The scorpion is lightly wounded.
You feel sick. The scorpion barely misses you.
You hit the scorpion but do no damage. Your headbutt misses the scorpion.
The scorpion is lightly wounded.
You feel sick.
The scorpion stings you but does no damage. x2
You hit the scorpion but do no damage.
The scorpion is lightly wounded.
You feel sick.
You are no longer poisoned.
The scorpion stings you but does no damage.
You completely miss the scorpion.
The scorpion is lightly wounded.
The scorpion stings you but does no damage.
You barely miss the scorpion.
The scorpion is lightly wounded.
The scorpion stings you but does no damage.
You hit the scorpion but do no damage. Your headbutt misses the scorpion.
The scorpion is lightly wounded.
The scorpion barely misses you.
You slash the scorpion!
The scorpion is heavily wounded.
The scorpion stings you.
* * * LOW HITPOINT WARNING * * *
You are poisoned.
The scorpion poisons you! The scorpion stings you.
* * * LOW HITPOINT WARNING * * *
You are more poisoned.
The scorpion poisons you!
You are confused.
You feel invigorated.
* * * LOW HITPOINT WARNING * * *
You feel very sick.
The scorpion stings you but does no damage.
You completely miss the scorpion.
The scorpion is heavily wounded.
* * * LOW HITPOINT WARNING * * *
You feel very sick. The scorpion stings you.
You die...

#.# #.# #.# #.#
##.# #.# #.# #..#
#.# #.# #.## #.#
#.# #.# #.# #.#
#.# #.# ### ####.#
#.# #.# #.. #....#
#.# #s# #.# #.####
#.# #@# #..
#.######.# #.# ##.
.........# #.# ##
..######## #.# ..#
#####.###########
# ..#
#..............)#
# ..#
#.#...#########.##
### ..## #.#.###
#≈≈≈≈≈≈≈###..
...#########.#.#
##~~.........


You could see a scorpion.

Vanquished Creatures
  A phantom (D:4)
  A scorpion (D:4)
  An iguana (D:4)
  3 orc wizards (D:4)
  2 shadow imps (D:4)
  A dart slug (D:4)
  3 orcs (D:4)
  3 ball pythons
  A bat (D:1)
  4 endoplasms
  A giant cockroach (D:1)
  4 hobgoblins
  11 jackals
  2 quokkas
  3 frilled lizards
  2 goblins (D:1)
  A rat (D:1)
44 creatures vanquished.

Notes
Turn   | Place    | Note
-------+----------+-------------------------------------------
     0 | D:1      | lordive the Minotaur Monk began the quest for the Orb.
     0 | D:1      | Reached XP level 1. HP: 19/19 MP: 0/0
   144 | D:1      | Reached XP level 2. HP: 24/27 MP: 1/1
   919 | D:4      | Noticed a scorpion
   929 | D:4      | Killed a scorpion
   930 | D:4      | Reached XP level 3. HP: 26/34 MP: 2/2
   930 | D:4      | Reached XP level 4. HP: 31/41 MP: 3/3
  1175 | D:4      | Noticed a phantom
  1176 | D:4      | Found a bloodstained altar of Trog.
  1192 | D:4      | Killed a phantom
  1193 | D:4      | Reached skill level 5 in Long Blades
  1193 | D:4      | Reached XP level 5. HP: 40/47 MP: 4/4
  1207 | D:4      | Reached skill level 1 in Armour
  1307 | D:4      | Identified the +2 spear "Jellybane" {freeze, Dex+5}
  1605 | D:4      | Reached skill level 5 in Fighting
  1671 | D:4      | Identified the ring "Heeru" {rElec rF+}
  1834 | D:4      | Reached XP level 6. HP: 56/56 MP: 5/5
  1977 | D:5      | Entered Level 5 of the Dungeon
  2000 | D:4      | HP: 2/56 [poisoned by a scorpion]
  2001 | D:4      | Slain by a scorpion

Illustrated notes

Levels and vault maps discovered:
D:1:      giann_forest_graveyard, layout_basic
D:2:      layout_loops_ring, small_statue_intersection,
          kennysheep_cluttered_room, chequers_serial_rivers_room_b
D:3:      minmay_bubble_buster, layout_basic
D:4:      layout_loops_ring, mainiacjoe_overflow_catwalk, serial_library,
          serial_library_hellmonk_secret_room,
          serial_library_hellmonk_small_alcove,
          serial_library_hellmonk_statue_hall,
          serial_library_regret_index_double_sided,
          serial_library_hellmonk_octagon, grunt_decor_clamped,
          chequers_serial_rivers_micro_e
D:5:      layout_rooms

Skill      XL: |  1  2  3  4  5  6 |
---------------+-------------------+-----
Long Blades    | 4 5 |  5.9
Fighting       | 4 5 |  5.1
Dodging        | 4 |  4.5
Armour         | 1 2 |  2.1
Stealth        | |  0.9

Action                     |  1- 3 |  4- 6 || total
---------------------------+-------+-------++-------
  Melee: Falchion          |    48 |    98 ||   146
         Headbutt          |    11 |    16 ||    27
         Punch             |     1 |     1 ||     2
    Use: Potion            |       |     1 ||     1
   Stab: Sleeping          |     1 |       ||     1
 Armour: Robe              |    18 |       ||    18
         Plate armour      |     7 |   125 ||   132
  Dodge: Dodged            |    34 |    30 ||    64
